 Dungeon Crawl Stone Soup version 0.25-a0-558-g78a2afb0af (webtiles) character file.

Game seed: 6849826939726458240, levelgen mode: deterministic

2394 An17 the Grappler (level 9, 75/75 HPs)
             Began as a Ghoul Monk on Feb 25, 2020.
             Was an Initiate of Okawaru.
             Safely got out of the dungeon.
             The game lasted 00:20:27 (5444 turns).

An17 the Grappler (Ghoul Monk)                      Turns: 5444, Time: 00:20:27

Health: 75/75      AC: 12    Str: 18    XL:     9   Next: 46%
Magic:  8/8        EV: 14    Int:  5    God:    Okawaru [......]
Gold:   251        SH:  0    Dex: 11    Spells: 8/8 levels left

rFire    + . .     SeeInvis .     - Unarmed
rCold    + . .     Gourm    .   (no shield)
rNeg     + + +     Faith    .   j - +1 chain mail
rPois    ∞         Spirit   .   y - +0 helmet
rElec    .         Reflect  .   k - +0 cloak
rCorr    .         Harm     .   (no gloves)
MR       .....                  (no boots)
Stlth    ..........             (no amulet)
HPRegen  0.22/turn              i - +6 ring of evasion
MPRegen  0.11/turn              s - ring of protection from fire

@: rotting
A: rotting body, claws 1, carnivore, cold resistance 1, negative energy
resistance 3, inhibited regeneration, torment resistance, unbreathing
a: Renounce Religion


You escaped.
You worshipped Okawaru.
Okawaru was noncommittal.
You were not hungry.

You visited 2 branches of the dungeon, and saw 7 of its levels.
You also visited: Ossuary.

You collected 251 gold pieces.

Inventory:

Hand Weapons
 e - a +1 whip of electrocution
Armour
 g - a +0 pair of gloves
 j - a +1 chain mail (worn)
 k - a +0 cloak (worn)
 y - a +0 helmet (worn)
Jewellery
 i - a +6 ring of evasion (left claw)
 s - a ring of protection from fire (right claw)
Wands
 n - a wand of scattershot (6)
 o - a wand of digging (4)
 A - a wand of enslavement (9)
 C - a wand of disintegration (18)
 D - a wand of iceblast (7)
Scrolls
 d - 2 scrolls of magic mapping
 f - 4 scrolls of teleportation
 h - a scroll of identify
 m - 2 scrolls of remove curse
 q - a scroll of noise
 t - a scroll of immolation
 v - a scroll of fear
Potions
 a - a potion of flight
 c - a potion of haste
 l - a potion of magic
 p - 3 potions of stabbing
 r - a potion of cancellation
 w - 2 potions of curing
 x - a potion of resistance
 z - 2 potions of heal wounds
 B - a potion of ambrosia
Comestibles
 b - 10 rations


   Skills:
 * Level 6.1 Fighting
 + Level 2.8 Armour
 - Level 2.7 Dodging
 - Level 2.2 Stealth
 * Level 12.1 Unarmed Combat


You had 8 spell levels left.
You didn't know any spells.
Your spell library contained the following spells:

 Spells                   Type           Power        Failure   Level  Hunger
 Animate Skeleton         Necr           N/A          100%        1    ##.....
 Apportation              Tloc           #.....       100%        1    ##.....
 Corona                   Hex            #......      100%        1    ##.....
 Summon Small Mammal      Summ           #...         100%        1    ##.....


Dungeon Overview and Level Annotations

Branches:
Dungeon (6/15)             Temple (1/1) D:5         Ossuary (visited)

Altars:
Cheibriados
Dithmenos
Elyvilon
Kikubaaqudgha
Nemelex Xobeh
Okawaru
Qazlal
Ru
Uskayaw
Wu Jian
Xom
Zin
The Shining One

Shops:
D:4 %

Annotations:
D:6 2 runed translucent doors, srslyguys's ghost, novice CeHu


Innate Abilities, Weirdness & Mutations

Your body is rotting away.
You thrive on raw meat.
You are immune to poison.
You have sharp fingernails.
You are carnivorous and can eat meat at any time.
Your flesh is cold resistant. (rC+)
You are immune to negative energy. (rN+++)
You do not regenerate when monsters are visible.
You are immune to unholy pain and torment.
You can survive without breathing.


Message History

Items here: ( ))) [[
There is a stone staircase leading up here.
You climb upwards.
There is a stone staircase leading down here.
You see here a cursed +0 dagger.
There is a stone staircase leading up here.
You can't go down here!
You climb upwards.
There is a stone staircase leading down here.
All of the chunks of flesh in your inventory have rotted away.
There is a stone staircase leading up here.
You climb upwards.
There is a stone staircase leading down here.
Unknown command.
You can't go up here!
There is an open door here.
There is a dry fountain here.
There is a staircase leading out of the dungeon here.
Are you sure you want to leave the Dungeon?
This will make you lose the game!
You have escaped!

#############.# #..
..............# ##.
######################## #.
#####.............##### #.
###..........⌠..........### #.
##...⌠.................⌠...###.
##........⌠.........⌠........##.
#....(........................#.
#...⌠..........@..........⌠...#.
#.............................#.
##........⌠.........⌠........##.
##.^.⌠.................⌠...##..
###..........⌠..........###..#
#####.............#####...##
#######.#######.....###
#.........##### ###########


There were no monsters in sight!

Vanquished Creatures
  Pikel (D:6)
  Duvessa (D:6)
  A sky beast (D:6)
  A phantom (D:6)
  An ice beast (D:6)
  A slave (D:6)
  2 ogres
  2 centaurs (D:6)
  Dowan (D:6)
  A water moccasin zombie (Ossuary)
  2 crimson imps
  2 centaur zombies (Ossuary)
  A bullfrog zombie (Ossuary)
  3 jellies (D:6)
  5 orc priests
  2 hounds (D:4)
  An orc wizard (D:6)
  An iguana (D:4)
  4 worker ants
  17 mummies (Ossuary)
  4 worker ant zombies
  6 adders
  An ooze (D:1)
  2 adder zombies
  An adder skeleton (D:4)
  3 worms
  3 dart slugs
  4 leopard geckos
  13 orcs
  2 giant cockroaches (D:1)
  4 goblins
  5 hobgoblins
  4 jackals (D:6)
  4 kobolds
  4 quokkas
  7 bats
  A frilled lizard (D:3)
  2 giant cockroach zombies (Ossuary)
  A jackal skeleton (D:6)
  A jackal zombie (D:6)
  A leopard gecko zombie (Ossuary)
  A quokka skeleton (D:4)
  A quokka zombie (Ossuary)
  4 rats
129 creatures vanquished.

Vanquished Creatures (others)
  A withered plant (Ossuary)
1 creature vanquished.

Grand Total: 130 creatures vanquished

Notes
Turn   | Place    | Note
-------+----------+-------------------------------------------
     0 | D:1      | An17 the Ghoul Monk began the quest for the Orb.
     0 | D:1      | Reached XP level 1. HP: 19/19 MP: 0/0
   163 | D:1      | Reached XP level 2. HP: 22/26 MP: 1/1
   629 | D:1      | Reached skill level 4 in Unarmed Combat
   629 | D:1      | Reached XP level 3. HP: 33/33 MP: 2/2
  1477 | D:2      | Reached XP level 4. HP: 5/40 MP: 3/3
  2063 | D:3      | Reached skill level 5 in Unarmed Combat
  2491 | D:3      | Reached XP level 5. HP: 43/46 MP: 4/4
  2851 | D:4      | Found Hampo's Food Shop.
  2898 | D:4      | Reached skill level 6 in Unarmed Combat
  2907 | D:4      | Reached XP level 6. HP: 45/53 MP: 5/5
  3034 | D:4      | Reached skill level 1 in Armour
  3218 | D:4      | Reached skill level 7 in Unarmed Combat
  3222 | D:4      | Reached XP level 7. HP: 22/60 MP: 6/6
  3374 | D:5      | Entered Level 5 of the Dungeon
  3488 | D:5      | Found a staircase to the Ecumenical Temple.
  3939 | D:6      | Reached skill level 8 in Unarmed Combat
  4004 | D:6      | Found a sand-covered staircase.
  4034 | Ossuary  | Entered an ossuary
  4052 | Ossuary  | Reached skill level 5 in Fighting
  4175 | Ossuary  | Reached XP level 8. HP: 46/67 MP: 7/7
  4196 | Ossuary  | Reached skill level 9 in Unarmed Combat
  4628 | D:6      | Reached skill level 10 in Unarmed Combat
  4707 | D:6      | Found a shadowy altar of Dithmenos.
  4722 | D:6      | Noticed Dowan
  4722 | D:6      | Noticed Duvessa
  4734 | D:6      | Killed Duvessa
  4750 | D:6      | Killed Dowan
  4750 | D:6      | Reached skill level 11 in Unarmed Combat
  4750 | D:6      | Reached XP level 9. HP: 57/75 MP: 8/8
  4811 | D:6      | Noticed Pikel
  4822 | D:6      | Killed Pikel
  4888 | D:6      | Reached skill level 12 in Unarmed Combat
  4891 | D:6      | Found a runed translucent door.
  4897 | D:6      | Noticed srslyguys's ghost (novice CeHu)
  4935 | D:6      | Found a runed translucent door.
  5096 | Temple   | Entered the Ecumenical Temple
  5125 | Temple   | Became a worshipper of Ru the Awakened
  5136 | Temple   | Fell from the grace of Ru
  5136 | Temple   | Became a worshipper of Warmaster Okawaru
  5444 | D:$      | Safely got out of the dungeon.

Levels and vault maps discovered:
D:1:      dpeg_arrival_water_temple_mockup, layout_basic
D:2:      layout_basic, kennysheep_generic_room_2
D:3:      layout_basic, first_ration
D:4:      layout_rooms, serial_shops, shop
D:5:      layout_basic, minmay_temple_entry_from_below_a
D:6:      layout_gridville, grunt_dithmenos_smoke, ebering_ghost_sewer_f,
          enter_ossuary_3, uniq_duvessa, uniq_pikel
Temple:   minmay_temple_bridge_abc

Skill      XL: |  1  2  3  4  5  6  7  8  9 |
---------------+----------------------------+-----
Unarmed Combat | 4 5 6 7 8 11 12 | 12.1
Fighting       | 4 5 6 |  6.1
Armour         | 1 2 |  2.8
Dodging        | |  2.7
Stealth        | |  2.2

Action                   |  1- 3 |  4- 6 |  7- 9 || total
-------------------------+-------+-------+-------++-------
Melee: Unarmed           |    84 |   130 |   273 ||   487
       Punch             |       |     1 |     6 ||     7
Evoke: Wand              |       |       |     2 ||     2
  Use: Scroll            |     4 |     3 |    14 ||    21
       Potion            |     1 |     1 |     1 ||     3
 Stab: Sleeping          |     7 |       |       ||     7
  Eat: Chunk             |    14 |    21 |    32 ||    67
Armor: Robe              |    18 |       |       ||    18
       Ring mail         |       |     1 |       ||     1
       Chain mail        |       |    26 |    74 ||   100
Dodge: Dodged            |    49 |    70 |   138 ||   257

Table legend:
 A = Non-vault XP
 B = Vault XP
 C = Vault XP percentage of total XP
 D = Non-vault monster count
 E = Vault monster count
 F = Vault count percentage of total count
                 A         B        C        D         E       F
            +---------+---------+-------+---------+---------+-------
      Total |    1860 |    1561 |  45.6 |      94 |      34 |  26.6
            +---------+---------+-------+---------+---------+-------
        D:1 |      34 |       0 |   0.0 |      17 |       0 |   0.0
        D:2 |      69 |       3 |   4.2 |      11 |       2 |  15.4
        D:3 |      76 |       0 |   0.0 |      12 |       0 |   0.0
        D:4 |     462 |       0 |   0.0 |      22 |       0 |   0.0
        D:5 |      65 |       0 |   0.0 |       3 |       0 |   0.0
        D:6 |    1154 |     875 |  43.1 |      29 |       4 |  12.1
    Ossuary |       0 |     683 | 100.0 |       0 |      28 | 100.0
            +---------+---------+-------+---------+---------+-------
